AoeStats
← Křovák

Golden Pit

508174939Analyzed
1v1 RM · 11d ago on Sep 21, 2026· 80m 2s· 2 players
Game mode
Random Map
Map size
Tiny (2 player)
Population
200
Speed
Normal
Resources
Standard
Victory
Conquest
Starting age
Dark Age
Ending age
Imperial Age
RankedLock teamsTeams togetherTeam positionsShared explorationLock speedFull tech treeHidden civsTurbo modeCheats
Victory
Defeat
🇧🇷 Khmer · Brazil
859
+15
🇨🇿 Byzantines · Czechia
838
-15
Křovák
7:51 Loom
10:52 Feudal Age
13:34 Double-Bit Axe
23:27 Horse Collar
26:33 Castle Age
25:04 Fletching
25:14 Padded Archer Armor
29:17 Bodkin Arrow
29:24 Heavy Plow
32:07 Stone Mining
32:07 Gold Mining
32:04 Pikeman
36:43 Imperial Age
35:10 Forging
35:00 Scale Mail Armor
37:01 Iron Casting
36:29 Murder Holes
38:55 Bracer
44:57 Bow Saw
52:19 Halberdier
57:11 Chemistry
60:14 Two-Man Saw
65:23 Squires
VkA | Alphalone-
9:28 Loom
11:27 Feudal Age
12:41 Double-Bit Axe
14:54 Man-at-Arms
22:54 Castle Age
21:48 Horse Collar
26:09 Wheelbarrow
26:00 Bow Saw
26:35 Bloodlines
26:27 Husbandry
32:53 Wheelbarrow
39:32 Imperial Age
39:06 Pikeman
39:32 Arson
41:04 Hoardings
42:12 Cavalier
42:21 Crossbowman
44:37 Gold Mining
45:19 Capped Ram
50:30 Hoardings
50:17 Conscription
59:13 Light Cavalry
65:22 Elite Ballista Elephant
66:43 Arbalester
68:18 Sappers
71:25 Scale Barding Armor
71:31 Forging
71:23 Siege Ram
73:03 Hand Cart
72:33 Town Watch
72:54 Heavy Plow
74:25 Heavy Scorpion
75:25 Hussar
77:05 Chain Barding Armor
Connection lost

Rejoining the realm…

Still unreachable

The connection could not be restored.

Session expired

The server has moved on; the page needs a fresh start.